 Dungeon Crawl Stone Soup version 0.28-a0-1213-g0243856f03 (webtiles) character file.

Game seed: 6238100900329790513

1104 leviel the Chopper (level 8, -8/70 (71) HPs)
             Began as a Hill Orc Fighter on Dec 22, 2021.
             Killed by divine providence
             ... invoked by an orc priest
              (13 damage)
             ... on level 6 of the Dungeon.
             The game lasted 00:05:59 (5553 turns).

leviel the Chopper (Hill Orc Fighter)               Turns: 5553, Time: 00:05:59

HP:   -8/70 (71)    AC: 14    Str: 21    XL:     8   Next: 32%
MP:   8/8           EV:  8    Int:  8    God:
Gold: 131           SH:  5    Dex: 10    Spells: 7/7 levels left

rFire   . . .      SeeInvis .   a - +1 war axe
rCold   . . .      Faith    .   c - +0 buckler
rNeg    . . .      Spirit   .   g - +4 chain mail
rPois   .          Reflect  .   (no helmet)
rElec   .          Harm     .   (no cloak)
rCorr   .          Rampage  .   (no gloves)
Will    .....                   (no boots)
Stlth   ..........              (no amulet)
HPRegen 0.21/turn               (no ring)
MPRegen 0.11/turn               (no ring)

@: lightly drained
A: no striking features
a: Convert to Beogh


You were on level 6 of the Dungeon.
You visited 1 branch of the dungeon, and saw 6 of its levels.

You collected 228 gold pieces.
You spent 97 gold pieces at shops.

Inventory:

Hand Weapons
 a - a +1 war axe (weapon)
Armour
 c - a +0 buckler (worn)
 g - a +4 chain mail (worn)
 l - a +0 plate armour
Jewellery
 b - a ring of ice {rC+ rF-}
 d - a ring of fire {rF+ rC-}
Scrolls
 i - 5 scrolls of identify {@r1}
 o - 3 scrolls of teleportation
Potions
 e - 2 potions of curing
 f - a potion of experience {unknown}
 h - a potion of mutation {unknown}
 j - 2 potions of haste {unknown}
 k - a potion of lignification {unknown}
 m - 2 potions of heal wounds {unknown}
 n - a potion of invisibility {unknown}


   Skills:
 + Level 6.7 Fighting
 + Level 6.7 Axes
 + Level 6.1 Armour
 + Level 6.2 Shields


You had 7 spell levels left.
You didn't know any spells.
Your spell library contained the following spells:

 Spells                   Type           Power      Damage    Failure   Level
 Summon Small Mammal      Summ           0%         N/A       98%         1
 Call Canine Familiar     Summ           0%         N/A       100%        3
 Dazzling Flash           Conj/Hex       0%         N/A       100%        3
 Summon Guardian Golem    Hex/Summ       0%         N/A       100%        3
 Agony                    Necr           0%         N/A       100%        5
 Silence                  Hex/Air        0%         N/A       100%        5


Dungeon Overview and Level Annotations

Branches:
Dungeon (6/15)             Temple (0/1) D:6

Altars:
Makhleb
Okawaru
Vehumet
Zin

Shops:
D:1 *   D:2 *   D:5 *


Message History

The wight hits you but does no damage.
You slash the wight!
The wight is severely damaged.
You barely miss the wight.
The wight is lightly damaged.
You hit the wight but do no damage. You block the wight's attack.
The wight closely misses you.
You hit the wight.
The wight is moderately damaged.
You closely miss the wight. The wight hits you but does no damage.
You block the wight's attack.
You hit the wight but do no damage.
The wight is moderately damaged.
You hit the wight.
You destroy the wight!
The wight hits you but does no damage.
You slash the wight!
You destroy the wight!
You closely miss the wight. You block the wight's attack.
The orc priest miscasts a cantrip.
You hit the wight but do no damage. The wight barely misses you.
You barely miss the wight. You block the wight's attack.
The orc priest begins to cast a cantrip, but forgets the words!
You closely miss the wight.
The orc priest threatens, "By the altar or by the axe, you will meet Beogh!"
You block the wight's attack.
The orc priest looks encouraged for a moment.
You closely miss the wight.
The wight hits you with a +0 short sword.
You feel drained.
The orc priest invokes the aid of Beogh against you.
Beogh smites you!
* * * LOW HITPOINT WARNING * * *
The orc priest shouts, "Beogh is our master!
Accept the truth or die!"
You hit the wight but do no damage. The wight hits you but does no damage.
The wight hits you with a +0 short sword!
* * * LOW HITPOINT WARNING * * *
The orc priest invokes the aid of Beogh against you.
Beogh smites you!
You die...

#####+###...##....#
.......<..........##
..................'#
.......##...##....##
..##... #...###'###
#+########...##....#
........#o...#.....#
......()zoo..'.....##
.......@##...##.....#
........##...##.....+
.........#..........#
.........+..........#
.........#..........#
#####################


You could see a wight, 2 orc priests and an orc.

Vanquished Creatures
  Pikel (D:4)
  A water moccasin (D:5)
  2 lemures (D:4)
  2 scorpions
  3 wights (D:6)
  A crimson imp (D:5)
  A hound (D:4)
  A centaur skeleton (D:5)
  An orc priest (D:6)
  A bullfrog skeleton (D:5)
  2 hound zombies (D:3)
  2 hound skeletons
  A howler monkey skeleton (D:5)
  6 adders
  An ufetubus (D:5)
  2 adder skeletons (D:3)
  An adder zombie (D:3)
  A worm (D:2)
  A dart slug (D:3)
  3 orcs
  5 endoplasms
  5 giant cockroaches
  3 hobgoblins
  2 jackals (D:2)
  6 kobolds
  3 quokkas
  7 ball pythons
  A ball python skeleton (D:3)
  2 bats (D:1)
  7 frilled lizards
  9 goblins
  A jackal skeleton (D:3)
  9 rats
94 creatures vanquished.

Vanquished Creatures (others)
  2 fungi (D:6)
  2 withered plants (D:3)
4 creatures vanquished.

Grand Total: 98 creatures vanquished

Notes
Turn   | Place    | Note
-------+----------+-------------------------------------------
     0 | D:1      | leviel the Hill Orc Fighter began the quest for the Orb.
     0 | D:1      | Reached XP level 1. HP: 19/19 MP: 1/1
   121 | D:1      | Found Noqoycor's Assorted Antiques.
   138 | D:1      | Bought a fizzy clear potion for 20 gold pieces
   138 | D:1      | Bought a scroll labelled DEHENAIBRUL for 23 gold pieces
   145 | D:1      | Reached XP level 2. HP: 27/27 MP: 2/2
   934 | D:2      | Found a faded altar of an unknown god.
  1155 | D:2      | Reached XP level 3. HP: 29/33 MP: 3/3
  1549 | D:2      | Found Xosh's Assorted Antiques.
  1557 | D:2      | Bought a scroll labelled DARGHE IMOET for 18 gold pieces
  1557 | D:2      | Bought a scroll labelled RIDIFU LEFIYNG for 18 gold pieces
  1557 | D:2      | Bought a scroll labelled NOMMAO BAEGIS for 18 gold pieces
  2419 | D:3      | Reached XP level 4. HP: 40/40 MP: 4/4
  2595 | D:3      | Reached XP level 5. HP: 42/47 MP: 5/5
  3481 | D:4      | Found a glowing silver altar of Zin.
  3914 | D:5      | Entered Level 5 of the Dungeon
  3914 | D:5      | Noticed a lemure
  3916 | D:5      | Noticed a lemure
  3918 | D:5      | Noticed a lemure
  3920 | D:5      | Noticed Pikel
  3936 | D:4      | Killed a lemure
  4011 | D:4      | Killed a lemure
  4204 | D:5      | Noticed a lemure
  4210 | D:4      | Killed Pikel
  4211 | D:4      | Reached skill level 5 in Fighting
  4211 | D:4      | Reached skill level 5 in Axes
  4211 | D:4      | Reached skill level 5 in Armour
  4211 | D:4      | Reached skill level 5 in Shields
  4211 | D:4      | Reached XP level 6. HP: 43/57 MP: 6/6
  4211 | D:4      | Reached XP level 7. HP: 46/62 MP: 7/7
  4754 | D:5      | Found Durykac's Assorted Antiques.
  4882 | D:5      | Reached XP level 8. HP: 36/70 MP: 8/8
  5094 | D:5      | Found an iron altar of Okawaru.
  5287 | D:5      | Found a burning altar of Makhleb.
  5287 | D:5      | Found a radiant altar of Vehumet.
  5508 | D:6      | Found a staircase to the Ecumenical Temple.
  5553 | D:6      | Killed from afar by an orc priest

Illustrated notes

Levels and vault maps discovered:
D:1:      sevenhm_arrival_forest_fort_small_6, layout_loops_ring, serial_shops,
          nicolae_shop_hallway_stairs, minmay_tetromino_t4
D:2:      kb_forest_paths, layout_basic, chequers_ecumenical_altar_simple_redux,
          serial_shops, shop
D:3:      layout_basic, serial_undead, serial_undead_f, serial_undead_d,
          serial_undead_c, serial_undead_f, serial_undead_d, serial_undead_e,
          serial_undead_b, serial_undead_f
D:4:      layout_basic, mainiacjoe_overflow_paths
D:5:      layout_loops_cross, grunt_temple_overflow_lords_of_destruction,
          mainiacjoe_overflow_boulevard, serial_shops, nicolae_diamond_shop,
          uniq_pikel
D:6:      layout_gridville, beargit_hepliaklqana_dungeon_heroes,
          mainiacjoe_overflow_chevrons, minmay_temple_entry_mini_moons,
          grunt_ministairs_2, chequers_serial_rivers_small_3, kennysheep_boxes

Skill      XL: |  1  2  3  4  5  6  7  8 |
---------------+-------------------------+-----
Axes           | 3 4 5 6 |  6.7
Fighting       | 4 5 6 |  6.7
Armour         | 4 5 6 |  6.1
Shields        | 4 5 6 |  6.2

Action                   |  1- 3 |  4- 6 |  7- 9 || total
-------------------------+-------+-------+-------++-------
Melee: War axe           |   112 |   131 |    75 ||   318
  Use: Scroll            |     7 |       |     1 ||     8
       Potion            |       |     1 |     1 ||     2
Armor: Scale mail        |    44 |       |       ||    44
       Chain mail        |    11 |    84 |    50 ||   145
Dodge: Dodged            |    42 |    36 |    37 ||   115
Block: Buckler           |    16 |    32 |    23 ||    71

Table legend: (Time is in decaauts)
 A = Elapsed time spent in this place.
 B = Non-inter-level travel time spent in this place.
 C = Inter-level travel time spent in this place.
 D = Time resting spent in this place.
 E = Time spent auto-exploring this place.
 F = Levels seen in this place.
 G = Mean time per level.
                   A        B        C        D        E       F      G
               +--------+--------+--------+--------+--------+-----+--------+
         Total |   5648 |   5340 |    308 |    782 |   3770 |   6 |  941.3 |
       Dungeon |   5648 |   5340 |    308 |    782 |   3770 |   6 |  941.3 |
               +--------+--------+--------+--------+--------+-----+--------+

Top non-repeatable levels by time:
     D:2: 1464 daAuts
     D:5: 1196 daAuts
     D:3: 1085 daAuts
     D:1: 912 daAuts
     D:4: 818 daAuts
     D:6: 171 daAuts
